 Dungeon Crawl Stone Soup version 0.19-a0-994-g3c636f0 (webtiles) character file.

10446 MrRokkomies the Carver (level 11, -13/81 HPs)
             Began as a Human Warper on July 15, 2016.
             Was a High Priest of Dithmenos.
             Mangled by Herrn's ghost (23 damage)
             ... on level 11 of the Dungeon.
             The game lasted 00:36:02 (10296 turns).

MrRokkomies the Carver (Human Warper)              Turns: 10296, Time: 00:36:02

Health: -13/81     AC: 11    Str: 14      XL:     11   Next: 93%
Magic:  14/14      EV: 11    Int: 14 (17) God:    Dithmenos [*****.]
Gold:   340        SH:  0    Dex: 15      Spells: 5 memorised, 2 levels left

rFire  + . .     SeeInvis .     i - +1 great sword
rCold  x . .     Gourm    .     o - +0 scale mail
rNeg   . . .     Faith    .     (shield currently unavailable)
rPois  .         Spirit   .     y - +1 helmet
rElec  .         Dismiss  .     (no cloak)
rCorr  .         Reflect  .     (no gloves)
SustAt .         Harm     .     M - +0 pair of boots
MR     +....                    l - amulet of Lateibot {rC- MR+ Regen+ Stlth+}
Stlth  +++.......               Q - +3 ring of intelligence
                                m - ring of protection from fire

@: wreathed by umbra, somewhat resistant to hostile enchantments, fairly
stealthy
A: camouflage 1, agile 1, sturdy frame 1
a: Shadow Step, Shadow Form, Renounce Religion


You were on level 11 of the Dungeon.
You worshipped Dithmenos.
Dithmenos was extremely pleased with you.
You were not hungry.

You visited 1 branch of the dungeon, and saw 11 of its levels.
You also visited: Sewer.

You collected 340 gold pieces.

Inventory:

Hand Weapons
 a - a +2 scimitar of freezing
 b - a +0 hand crossbow
 i - a +1 great sword (weapon)
Missiles
 e - 3 tomahawks of dispersal
 n - 40 bolts
 r - 4 tomahawks of returning
 t - 4 poisoned tomahawks
 B - 6 tomahawks (quivered)
Armour
 o - a +0 scale mail (worn)
 y - a +1 helmet (worn)
 M - a +0 pair of boots (worn)
Jewellery
 j - an uncursed ring of resist corrosion
 l - the amulet of Lateibot (around neck) {rC- MR+ Regen+ Stlth+}
   (You found it on level 7 of the Dungeon)

   [amulet of regeneration]

   It makes you vulnerable to cold.
   It affects your resistance to hostile enchantments.
   It increases your rate of regeneration.
   It makes you more stealthy.
 m - a ring of protection from fire (left hand)
 x - an uncursed ring of protection from fire
 Q - a +3 ring of intelligence (right hand)
Wands
 k - a wand of acid (0/15)
 z - a wand of confusion (26/48)
 P - a wand of acid (5/15)
Scrolls
 g - 6 scrolls of teleportation
 q - a scroll of amnesia
 D - 3 scrolls of enchant weapon
 F - a scroll of recharging
 O - a scroll of remove curse
Potions
 h - 4 potions of curing
 p - 3 potions of lignification
 u - 3 potions of brilliance
 v - a potion of invisibility
 A - a potion of degeneration {unknown}
 I - 3 potions of cancellation {unknown}
 J - 2 potions of magic {unknown}
 K - 3 potions of might {unknown}
 L - 2 potions of haste
Books
 c - a book of Spatial Translocations

   Spells                             Type                      Level
   a - Apportation                    Translocation                1
   b - Blink                          Translocation                2
   c - Shroud of Golubria             Charms/Translocation         2
   d - Portal Projectile              Translocation                3
   e - Teleport Other                 Translocation                3
   f - Passage of Golubria            Translocation                4
 G - a book of Power

   Spells                             Type                      Level
   a - Fulminant Prism                Conjuration/Hexes            4
   b - Iskenderun's Mystic Blast      Conjuration                  4
   c - Venom Bolt                     Conjuration/Poison           5
   d - Bolt of Magma                  Conjuration/Fire/Earth       5
   e - Iron Shot                      Conjuration/Earth            6
   f - Orb of Destruction             Conjuration                  7
   g - Spellforged Servitor           Conjuration/Summoning        7
Comestibles
 f - 7 bread rations
 s - 8 slices of pizza
 w - 5 beef jerkies
 C - 4 meat rations
 E - 2 royal jellies


   Skills:
 * Level 6.2 Fighting
 * Level 12.7 Long Blades
   Level 2.0 Bows
 - Level 8.0 Crossbows
 - Level 1.0 Throwing
 - Level 7.3 Armour
 - Level 2.0 Dodging
 - Level 2.0 Spellcasting
 - Level 3.0 Translocations


You had 2 spell levels left.
You knew the following spells:

 Your Spells              Type           Power        Failure   Level  Hunger
a - Apportation           Tloc           #.........   17%         1    ##.....
b - Blink                 Tloc           N/A          24%         2    ###....
c - Shroud of Golubria    Chrm/Tloc      #.........   41%         2    ###....
d - Portal Projectile     Tloc           #.....       45%         3    ####...
e - Passage of Golubria   Tloc           N/A          97%         4    #####..


Dungeon Overview and Level Annotations

Branches:
Dungeon (11/15)            Temple (0/1) D:7            Lair (0/6) D:10
    Orc (0/2) D:10

Altars:
Dithmenos
Okawaru
Pakellas
Beogh

Shops:
D:5 =   D:11 :=

Annotations:
D:3 MrRokkomies's ghost, amateur DgWr
D:4 CInkIbrahim's ghost, novice OpGl
D:6 Bastard's ghost, novice DrCj
D:11 Herrn's ghost, journeyman TrWz


Innate Abilities, Weirdness & Mutations

Your skin changes colour to match your surroundings (Stealth+).
You are agile. (Dex +2)
Your movements are slightly less encumbered by armour. (ER -2)


Message History

You closely miss Herrn's ghost.
Herrn's ghost is heavily damaged.
Herrn's ghost hits you!
You barely miss Herrn's ghost.
Herrn's ghost is heavily damaged.
Herrn's ghost hits you!
* * * LOW HITPOINT WARNING * * *
You barely miss Herrn's ghost.
Herrn's ghost is heavily damaged.
Herrn's ghost closely misses you.
You riposte.
You barely miss Herrn's ghost.
Herrn's ghost is heavily damaged.
You hit Herrn's ghost.
Herrn's ghost is heavily damaged.
Herrn's ghost hits you!
* * * LOW HITPOINT WARNING * * *
All of the chunks of flesh in your inventory have rotted away.
You closely miss Herrn's ghost.
Herrn's ghost is heavily damaged.
Herrn's ghost hits you!!
You die...

#.# ### ##.# # ..$
... #.#(. ..#
####.#.# #.# #..
.......####.# #.#
#......# #.#
#.####.# #.# #@#
#)# #.# #W# #.# #.#
#.. #.# #.# #.#.
#.# #\#
#.#8##.######.####
$.# ##..†.........
..8.\.8.######.####
...#.#### #.# #
#.####


You could see Herrn's ghost.

Vanquished Creatures
  2 hill giants (D:10)
  A kobold demonologist (D:11)
  5 trolls
  A wyvern (D:9)
  4 yaks (D:10)
  2 hogs (D:7)
  A human (D:7)
  2 hippogriffs
  Menkaure (D:4)
  3 sky beasts
  2 ice beasts
  2 black bears
  9 orc warriors
  6 ogres
  A necrophage (D:9)
  4 wolves (D:10)
  6 centaurs
  3 big kobolds
  A gnoll sergeant (D:10)
  9 giant frogs
  A water moccasin skeleton (D:9)
  A scorpion (D:5)
  5 killer bees (D:8)
  5 howler monkeys
  11 wights
  3 electric eels (D:10)
  2 giant frog zombies
  4 crimson imps
  3 jellies
  8 hounds
  A giant frog skeleton (D:4)
  4 orc priests
  3 centaur skeletons
  Jessica (D:2)
  Natasha (thrice) (D:2)
  An iguana (D:7)
  8 orc wizards
  6 worker ants
  2 sheep (D:7)
  2 hound zombies
  5 gnolls
  11 adders
  A river rat (Sewer)
  2 adder skeletons
  4 adder zombies
  2 worms
  A dart slug (D:3)
  11 giant geckos
  52 orcs
  5 ball pythons
  9 giant cockroaches
  5 goblins
  5 hobgoblins
  13 jackals
  45 kobolds
  3 quokkas
  7 bats
  13 giant newts
  A jackal skeleton (D:8)
  A quokka zombie (D:9)
  13 rats
348 creatures vanquished.

Vanquished Creatures (others)
  A fire dragon (D:4)
  An adder (D:6)
  A kobold (D:6)
  A bat (D:1)
  A bush (D:4)
5 creatures vanquished.

Grand Total: 353 creatures vanquished

Notes
Turn   | Place    | Note
-------+----------+-------------------------------------------
     0 | D:1      | MrRokkomies the Human Warper began the quest for the Orb.
     0 | D:1      | Reached XP level 1. HP: 16/16 MP: 3/3
   373 | D:1      | Reached XP level 2. HP: 18/22 MP: 5/5
  1084 | D:2      | Reached XP level 3. HP: 16/28 MP: 6/6
  1587 | D:2      | Reached skill level 3 in Long Blades
  2107 | D:2      | Noticed Natasha
  2146 | D:2      | Killed Natasha
  2146 | D:2      | Reached XP level 4. HP: 31/35 MP: 7/7
  2287 | D:2      | Noticed Jessica
  2295 | D:2      | Killed Jessica
  2295 | D:2      | Reached XP level 5. HP: 28/41 MP: 8/8
  2392 | D:3      | Gained mutation: You are agile. (Dex +2) [potion of mutation]
  2392 | D:3      | Gained mutation: Your skin changes colour to match your surroundings (Stealth+). [potion of mutation]
  2392 | D:3      | Gained mutation: Your movements are slightly less encumbered by armour. (ER -2) [potion of mutation]
  2458 | D:3      | Reached skill level 4 in Long Blades
  2489 | D:3      | Noticed MrRokkomies's ghost (amateur DgWr)
  2609 | D:3      | Found a shadowy altar of Dithmenos.
  2619 | D:3      | Became a worshipper of Dithmenos the Shadowed
  2810 | D:3      | Reached XP level 6. HP: 43/48 MP: 9/9
  3098 | D:2      | Noticed Natasha
  3103 | D:2      | Killed Natasha
  3122 | D:2      | Noticed Natasha
  3138 | D:2      | Killed Natasha
  3220 | D:4      | Noticed CInkIbrahim's ghost (novice OpGl)
  3328 | D:4      | Noticed Menkaure
  3343 | D:4      | Killed Menkaure
  3343 | D:4      | Reached skill level 5 in Fighting
  3343 | D:4      | Reached skill level 5 in Long Blades
  3343 | D:4      | Reached XP level 7. HP: 56/56 MP: 10/10
  3679 | D:4      | Found an oddly glowing altar of Pakellas.
  3680 | D:4      | Noticed a fire dragon
  3690 | D:4      | Killed a fire dragon
  3920 | D:5      | Entered Level 5 of the Dungeon
  4118 | D:5      | Reached skill level 6 in Long Blades
  4173 | D:5      | Reached * piety under Dithmenos
  4235 | D:5      | Found Ocogun's Jewellery Shoppe.
  4268 | D:5      | Reached XP level 8. HP: 61/62 MP: 11/11
  4851 | D:6      | Noticed Bastard's ghost (novice DrCj)
  4868 | D:6      | Reached skill level 7 in Long Blades
  4947 | D:6      | Found a glowing drain.
  4955 | Sewer    | Entered a sewer
  5031 | Sewer    | Reached ** piety under Dithmenos
  5458 | D:6      | Reached skill level 5 in Armour
  5531 | D:6      | Reached XP level 9. HP: 68/68 MP: 12/12
  5733 | D:6      | Reached skill level 8 in Long Blades
  6113 | D:6      | Reached *** piety under Dithmenos
  6542 | D:7      | Found an iron altar of Okawaru.
  6561 | D:7      | Reached skill level 9 in Long Blades
  6663 | D:7      | Reached skill level 1 in Bows
  6785 | D:7      | Found a staircase to the Ecumenical Temple.
  6795 | D:7      | Reached XP level 10. HP: 74/74 MP: 13/13
  6821 | D:7      | Got a glittering pewter amulet
  6823 | D:7      | Identified the amulet of Lateibot {rC- MR+ Regen+ Stlth+} (You found it on level 7 of the Dungeon)
  6861 | D:7      | Reached **** piety under Dithmenos
  6861 | D:7      | Reached skill level 1 in Crossbows
  6876 | D:7      | Reached skill level 10 in Long Blades
  7310 | D:7      | Learned a level 2 spell: Blink
  7313 | D:7      | Learned a level 2 spell: Shroud of Golubria
  7317 | D:7      | Learned a level 3 spell: Portal Projectile
  7322 | D:7      | Learned a level 4 spell: Passage of Golubria
  8036 | D:8      | Reached skill level 5 in Crossbows
  8365 | D:9      | Reached skill level 11 in Long Blades
  8503 | D:9      | Reached XP level 11. HP: 75/78 MP: 14/14
  8728 | D:9      | Reached ***** piety under Dithmenos
  8835 | D:9      | Found a roughly hewn altar of Beogh.
  9257 | D:10     | Entered Level 10 of the Dungeon
  9296 | D:10     | Noticed a hill giant
  9343 | D:10     | Killed a hill giant
  9343 | D:10     | Reached skill level 12 in Long Blades
  9451 | D:10     | Found a staircase to the Lair.
  9580 | D:10     | Found a staircase to the Orcish Mines.
  9992 | D:10     | Noticed a hill giant
 10006 | D:10     | Killed a hill giant
 10182 | D:11     | Found Daruuck's Jewellery Boutique.
 10242 | D:11     | Found Waigoir's Book Emporium.
 10276 | D:11     | Noticed Herrn's ghost (journeyman TrWz)
 10296 | D:11     | Mangled by Herrn's ghost

Vault maps used:
D:1:      kennysheep_arrival_forest, lemuel_another_geyser
D:2:      kennysheep_generic_room_3, uniq_jessica, uniq_natasha
D:3:      nicolae_ru_path_of_blood, nicolae_dithmenos_shadow_blocks
D:4:      gammafunk_pakellas_spire_experiment, uniq_menkaure
D:5:      serial_shops, shop, first_bread
D:6:      minmay_goblin_kobold_castle, nicolae_overflow_hidden_temple,
          minitemple, portal_sewer_entry_f, kennysheep_windowed_goal
D:7:      old_standard_altar, grunt_livestock
D:9:      special_room
D:10:     erik_lair_island, kennysheep_orc_monster_closet_entryway
D:11:     serial_shops, bzr_entry_dummy, nicolae_shop_statue_plus, shop,
          minmay_misc_feat_five, uniq_erica, uniq_nergalle
Sewer:    sewer_co_cracked_pipes

Skill      XL: |  1  2  3  4  5  6  7  8  9 10 11 |
---------------+----------------------------------+-----
Long Blades    | 3 4 5 6 7 9 11 12 | 12.7
Fighting       | 3 4 5 6 |  6.2
Armour         | 3 5 7 |  7.3
Bows           | 2 |  2.0
Crossbows      | 5 8 |  8.0
Throwing       | |  1.0
Dodging        | |  2.0
Spellcasting   | |  2.0
Translocations | |  3.0

Action                   |  1- 3 |  4- 6 |  7- 9 | 10-12 || total
-------------------------+-------+-------+-------+-------++-------
Melee: Short sword       |    81 |       |       |       ||    81
       Falchion          |    60 |   189 |   551 |       ||   800
       Scimitar          |       |       |   241 |   584 ||   825
       Great sword       |       |       |    13 |    16 ||    29
 Fire: Hand crossbow     |       |       |       |    30 ||    30
Throw: Tomahawk          |       |       |     5 |     3 ||     8
Evoke: Wand              |       |       |     4 |     3 ||     7
  Use: Scroll            |     5 |     4 |     8 |    10 ||    27
       Potion            |       |     1 |     6 |     5 ||    12
 Stab: Confused          |       |       |     1 |       ||     1
       Sleeping          |       |       |     4 |     8 ||    12
       Distracted        |       |       |       |     2 ||     2
  Eat: Chunk             |     4 |     4 |    13 |    12 ||    33
Armor: Leather armour    |     9 |       |       |       ||     9
       Scale mail        |    42 |    53 |   222 |   187 ||   504
       Ring mail         |     5 |       |       |       ||     5
       Skin              |       |       |    21 |    20 ||    41
Dodge: Dodged            |    64 |    37 |   305 |   273 ||   679
Block: Shield            |    72 |    62 |   259 |       ||   393
